 Dungeon Crawl Stone Soup version 0.28.0-47-ge53b351184 (webtiles) character file.

Game seed: 5350528290386557748

167 101zpm the Chiller (level 5, -1/21 HPs)
             Began as a Felid Ice Elementalist on Apr 28, 2022.
             Slain by a centaur warrior zombie (10 damage)
             ... on level 5 of the Dungeon.
             The game lasted 00:09:25 (4335 turns).

101zpm the Chiller (Felid Ice Elementalist)         Turns: 4335, Time: 00:09:26

Health: -1/21      AC:  1    Str:  4    XL:     5   Next: 23%
Magic:  9/11       EV: 18    Int: 18    God:
Gold:   112        SH:  0    Dex: 17    Spells: 2/11 levels left
                                        Lives:  0   Deaths: 1

rFire   . . .      SeeInvis +   (weapon unavailable)
rCold   . . .      Faith    .   (shield unavailable)
rNeg    . . .      Spirit   .   (armour unavailable)
rPois   .          Reflect  .   (helmet unavailable)
rElec   .          Harm     .   (cloak unavailable)
rCorr   .          Rampage  .   (gloves unavailable)
Will    .....                   (boots unavailable)
Stlth   ++........              (no amulet)
HPRegen 0.07/turn               (no ring)
MPRegen 0.12/turn               (no ring)

@: quick
A: very small, claws 1, fangs 3, see invisible, speed 1, shaggy fur 1, stealthy
paws, no weapons or thrown items, no armour, multi-lived
a: no special abilities


You were on level 5 of the Dungeon.
You visited 1 branch of the dungeon, and saw 5 of its levels.

You collected 112 gold pieces.

Inventory:

Scrolls
 d - 2 scrolls of amnesia {unknown}
 f - a scroll of vulnerability {unknown}
 g - a scroll of enchant armour {unknown}
 h - a scroll of brand weapon {unknown}
 i - a scroll of noise {unknown}
 j - a scroll of identify {unknown}
Potions
 a - a potion of curing {unknown}
 b - a potion of attraction {unknown}
 c - a potion of mutation {unknown}
 e - a potion of might {unknown}


   Skills:
 + Level 0.5 Fighting
 + Level 3.1 Dodging
 + Level 3.1 Stealth
 + Level 0.5 Unarmed Combat
 + Level 3.9 Spellcasting
 + Level 0.7 Fire Magic
 + Level 5.0 Ice Magic


You had 2 spell levels left.
You knew the following spells:

 Your Spells              Type           Power      Damage    Failure   Level
a - Freeze                Ice            84%        1d10      1%          1
b - Scorch                Fire           12%        2d5       17%         2
c - Frozen Ramparts       Ice            42%        1d6       6%          3
d - Ozocubu's Armour      Ice            21%        N/A       6%          3

Your spell library contained the following spells:

 Spells                   Type           Power      Damage    Failure   Level
 Sublimation of Blood     Necr           3%         N/A       22%         2
 Wereblood                Tmut           3%         N/A       22%         2
 Hailstorm                Conj/Ice       12%        3d5       47%         4
 Flame Wave               Conj/Fire      4%         2d5       77%         4
 Summon Cactus Giant      Summ           1%         N/A       100%        6
 Summon Hydra             Summ           1%         N/A       100%        7


Dungeon Overview and Level Annotations

Branches:
Dungeon (4/15)
 Temple: D:4-7

Altars:
Ru


Innate Abilities, Weirdness & Mutations

You have sharp claws.
You have razor-sharp teeth.
You have supernaturally acute eyesight. (SInv)
You cover ground quickly. (Speed+)
You are covered in fur. (AC +1)
Your paws help you pounce on unaware monsters.
You are incapable of wielding weapons or throwing items.
You cannot wear armour.
You gain extra lives every three experience levels.


Message History

Found 21 stones.
You pick up a book of Blood and begin reading...
You add the spells Sublimation of Blood, Wereblood and Summon Hydra to your library.
Found 7 sling bullets.
A centaur warrior zombie comes into view.
Casting: Freeze (safe; 1% risk of failure)
Confirm with . or Enter, or press ? or * to list all spells.
Flames lash the centaur warrior zombie.
The centaur warrior zombie is lightly damaged.
The centaur warrior zombie's fire resistance burns away.
Casting: Scorch (safe; 17% risk of failure)
Confirm with . or Enter, or press ? or * to list all spells.
You miscast Scorch.
You are very lightly contaminated with residual magic.
Nothing appears to happen.
The centaur warrior zombie completely misses you.
The centaur warrior zombie closely misses you.
Casting: Scorch (safe; 17% risk of failure)
Confirm with . or Enter, or press ? or * to list all spells.
Flames lash the centaur warrior zombie.
The centaur warrior zombie is burned terribly!
The centaur warrior zombie is lightly damaged.
The centaur warrior zombie hits you. The centaur warrior zombie kicks you.
Casting: Scorch (safe; 17% risk of failure)
Confirm with . or Enter, or press ? or * to list all spells.
You miscast Scorch.
Nothing appears to happen.
The centaur warrior zombie misses you. x2; The centaur warrior zombie hits you!
* * * LOW HITPOINT WARNING * * *
The centaur warrior zombie misses you.
The centaur warrior zombie is no longer more vulnerable to fire.
Found a stone staircase leading up.
Your magical contamination has completely faded away.
There is a stone staircase leading up here.
Found a stone staircase leading down.
The centaur warrior zombie closely misses you.
The centaur warrior zombie barely misses you.
There is a stone staircase leading up here.
There is a stone staircase leading up here.
The centaur warrior zombie hits you!
You die...

##.............(..##+#
##......#..............#
#.............#<..###..#+
#.......#.....#...##.....
##(.#####........#.......
#..# ##.........#>......
#### #..........#.......
##.Z#.......#.......
#..@................
#...##.............#
#...##..#..........#
##..###.#...........
#..#.#.............
#........<........#
##...#.###.#.......
####### ###......#
#....####


You could see a centaur warrior zombie.

Vanquished Creatures
  A sky beast (D:5)
  A bullfrog skeleton (D:3)
  6 adders
  A worm (D:2)
  A dart slug (D:1)
  5 orcs
  4 ball pythons
  3 bats
  5 endoplasms
  2 giant cockroaches
  5 goblins
  2 hobgoblins (D:1)
  6 jackals (D:3)
  4 kobolds
  A quokka (D:3)
  3 frilled lizards
  2 rats
52 creatures vanquished.

Vanquished Creatures (others)
  2 plants (D:2)
2 creatures vanquished.

Grand Total: 54 creatures vanquished

Notes
Turn   | Place    | Note
-------+----------+-------------------------------------------
     0 | D:1      | 101zpm the Felid Ice Elementalist began the quest for the
                  | Orb.
     0 | D:1      | Reached XP level 1. HP: 7/7 MP: 4/4
   368 | D:1      | Reached XP level 2. HP: 6/11 MP: 0/6
   429 | D:2      | Reached skill level 4 in Ice Magic
   784 | D:2      | Reached XP level 3. HP: 14/14 MP: 0/7
  1488 | D:2      | Identified the +3 chain mail of Hopscotch {rN+ MP+9 Slay+2}
  1825 | D:3      | Reached XP level 4. HP: 13/18 MP: 2/9
  1913 | D:3      | Found a sacrificial altar of Ru.
  2444 | D:3      | Found a faded altar of an unknown god.
  3396 | D:2      | Learned a level 2 spell: Scorch
  3676 | D:4      | Noticed an ogre
  3683 | D:3      | Learned a level 3 spell: Frozen Ramparts
  3687 | D:3      | Learned a level 3 spell: Ozocubu's Armour
  3752 | D:3      | You fall into a shaft and drop 2 floors!
  3752 | D:5      | Entered Level 5 of the Dungeon
  3786 | D:5      | Reached XP level 5. HP: 16/21 MP: 5/11
  3906 | D:5      | Slain by a water moccasin zombie
  3907 | D:5      | Reached XP level 4. HP: -5/18 MP: 1/10
  4068 | D:5      | Noticed a sky beast
  4077 | D:5      | Killed a sky beast
  4078 | D:5      | Reached skill level 5 in Ice Magic
  4078 | D:5      | Reached XP level 5. HP: 12/21 MP: 2/11
  4264 | D:5      | Noticed a centaur warrior zombie
  4335 | D:5      | Slain by a centaur warrior zombie

Illustrated notes

Levels and vault maps discovered:
D:1:      eino_arrival_tree_alley, layout_basic
D:2:      cheibrodos_old_hovel, layout_loops_ring, chequers_big_river
D:3:      layout_basic, nicolae_ru_awakened_eye,
          shapermc_ecumenical_altar_pompeii
D:4:      layout_basic
D:5:      nicolae_cairo_tiling_large, layout_cave_pools, minivault_19

Skill      XL: |  1  2  3  4 |
---------------+-------------+-----
Ice Magic      | 4 5 |  5.0
Spellcasting   | 3 |  3.9
Dodging        | 3 |  3.1
Stealth        | 3 |  3.1
Fighting       | |  0.5
Unarmed Combat | |  0.5
Fire Magic     | |  0.7

Action                   |  1- 3 |  4- 6 || total
-------------------------+-------+-------++-------
Melee: Unarmed           |    17 |    19 ||    36
       Bite              |     2 |     2 ||     4
       Punch             |     1 |       ||     1
 Cast: Freeze            |    49 |    37 ||    86
       Scorch            |       |     8 ||     8
       Ozocubu's Armour  |       |     2 ||     2
       Frozen Ramparts   |       |     2 ||     2
 Stab: Sleeping          |     1 |       ||     1
Armor: Skin              |       |     4 ||     4
Dodge: Dodged            |    25 |    59 ||    84
